 Dungeon Crawl Stone Soup version 0.31-a0-965-g8a8ce12e04 (webtiles) character file.

Game seed: 10639468757586861297

177 Arex the Insei (level 5, -10/32 HPs)
             Began as a Vampire Monk on Oct 26, 2023.
             Killed by a fireball (23 damage)
             ... invoked by the fiery rage of Trog
             ... on level 4 of the Dungeon.
             The game lasted 00:07:53 (2795 turns).

Arex the Insei (Vampire Monk)                       Turns: 2795, Time: 00:07:54

Health: -10/32     AC:  0    Str: 10      XL:     5   Next: 31%
Magic:  5/5        EV: 23    Int: 12      God:
Gold:   57         SH:  0    Dex: 23 (24) Spells: 4/4 levels left

rFire   . .          .
                       - Unarmed
rCold   + + .        c - melded orb {light}
rNeg    + + +        a - melded +0 robe
rPois   ∞            (helmet currently unavailable)
rElec   .            (cloak currently unavailable)
rCorr   .            (gloves currently unavailable)
SInv    +            (boots currently unavailable)
Will    .....        h - amulet of faith
Stlth   +++++        (ring currently unavailable)
HPRegen 0.00/turn    (ring currently unavailable)
MPRegen 0.09/turn

%: faith
@: bat-form, flying, bloodless, inhibited regen, very quick
A: fast, flying, no casting, tiny, bloodless, fangs 3, see invisible, vampiric 2
a: Revivify, End Transformation


You were on level 4 of the Dungeon.
You were a vampire bat.
You visited 1 branch of the dungeon, and saw 4 of its levels.

You collected 157 gold pieces.
You spent 100 gold pieces at shops.

Inventory:

Armour
 a - a +0 robe (melded)
 c - an orb of light (melded)
Jewellery
 f - an amulet of guardian spirit
 h - an amulet of faith (around neck)
Scrolls
 d - 4 scrolls of teleportation
 e - a scroll of torment {unknown}
 i - a scroll of blinking {unknown}
 m - a scroll of identify {unknown}
 o - a scroll of silence {unknown}
 s - a scroll of revelation {unknown}
Potions
 b - a potion of ambrosia
 g - 2 potions of lignification {unknown}
 j - a potion of magic {unknown}
 k - a potion of haste {unknown}
 l - 4 potions of heal wounds {unknown}
 n - 2 potions of mutation {unknown}
 p - 3 potions of curing
 q - a potion of might
 r - a potion of brilliance {unknown}


   Skills:
 + Level 3.5 Fighting
 + Level 4.3 Dodging
 + Level 3.7 Stealth
 + Level 4.4 Unarmed Combat


You had 4 spell levels left.
You didn't know any spells.
Your spell library contained the following spells:

 Spells                   Type           Power      Damage    Failure   Level
 Slow                     Hex            0%         N/A       32%         1
 Confusing Touch          Hex            0%         N/A       69%         3
 Sigil of Binding         Hex            0%         N/A       69%         3
 Vampiric Draining        Necr           0%         2d6       69%         3


Dungeon Overview and Level Annotations

Branches:
Dungeon (4/15)
 Temple: D:4-7

Altars:
Okawaru
Qazlal
Trog

Shops:
D:1 [   D:3 *


Innate Abilities, Weirdness & Mutations

You are a vampire bat.
You are tiny and dextrous.
You move quickly.
You are flying.
You are immune to poison.
Your equipment is almost entirely melded.
You are incapable of wielding weapons or throwing items.
You cannot cast spells.
You do not regenerate when monsters are visible.
You are frail without blood (-20% HP).
You can heal yourself when you bite living creatures.
You are immune to poison.
You have razor-sharp teeth.
You have supernaturally acute eyesight. (SInv)
You are afflicted with vampirism and can become a bat while bloodless.


Message History

You kill the hobgoblin!
You closely miss the goblin. You bite the goblin.
You draw the goblin's blood!
You feel better.
The goblin is moderately wounded.
The goblin shoots a sling bullet.
The sling bullet completely misses you. The goblin barely misses you.
You hit the goblin.
You kill the goblin!
The goblin shoots a sling bullet.
The sling bullet misses you.
The goblin shoots a sling bullet.
The sling bullet misses you.
Things that are here:
a +0 dagger; a goblin corpse; a hobgoblin corpse The goblin shoots a sling bullet.
The sling bullet closely misses you.
Things that are here:
a +0 dagger; a goblin corpse; a hobgoblin corpse You hit the goblin.
You kill the goblin!
The goblin shoots a sling bullet.
The sling bullet hits you.
* * * LOW HITPOINT WARNING * * *
The goblin shoots a sling bullet.
The sling bullet misses you.
Items here: ))) ††.
The goblin shoots a sling bullet.
The sling bullet completely misses you.
Welcome back, Arex the Vampire Monk.
Press ? for a list of commands and other information.
A goblin is nearby!
A goblin is nearby!
A goblin is nearby!
A goblin is nearby!
A goblin is nearby!
A goblin is nearby!
You are too injured to fight recklessly!
The goblin shoots a sling bullet.
The sling bullet completely misses you.
Items here: ))) ††.
The goblin shoots a sling bullet.
The sling bullet hits you.
* * * LOW HITPOINT WARNING * * *
You start resting.
Trog hurls fiery rage upon you!
The fireball explodes!
The fireball engulfs you!!
Ouch! That really hurt!
You die...

#.# #.# #.# #.#####
###########.....#
#........).)###.#
..#......)#.#.#.#
#.......#.....######
#.......#.b.........
#!~~....#.....#####.
#.≈≈≈≈~~#.....#
#≈≈≈g≈≈≈#.#####
####+####.# #.##
#.<# ##.# #.#


You could see the fiery rage of Trog (unaware).

Vanquished Creatures
  11 adders
  2 worms (D:2)
  3 dart slugs
  6 endoplasms
  2 giant cockroaches
  9 goblins
  7 hobgoblins
  4 kobolds
  2 quokkas (D:1)
  10 ball pythons
  3 bats
  4 frilled lizards
  6 rats
69 creatures vanquished.

Notes
Turn   | Place    | Note
-------+----------+-------------------------------------------
     0 | D:1      | Arex the Vampire Monk began the quest for the Orb.
     0 | D:1      | Reached XP level 1. HP: 17/17 MP: 1/1
    86 | D:1      | Reached skill level 1 in Stealth
   151 | D:1      | Reached XP level 2. HP: 23/23 MP: 2/2
   303 | D:1      | Found Alustrou's Armour Shop.
   643 | D:2      | Gained mutation: You are afflicted with vampirism and can
                  | become a bat while bloodless. [Vampire growth]
   643 | D:2      | Reached XP level 3. HP: 13/29 MP: 3/3
  1426 | D:2      | Reached XP level 4. HP: 24/28 MP: 4/4
  2145 | D:2      | Reached XP level 5. HP: 31/32 MP: 5/5
  2369 | D:3      | Found Fikkis's General Store.
  2388 | D:3      | Bought 2 potions of curing for 60 gold pieces
  2388 | D:3      | Bought a potion of might for 40 gold pieces
  2453 | D:3      | Found a stormy altar of Qazlal.
  2455 | D:3      | Found an iron altar of Okawaru.
  2488 | D:3      | Found a bloodstained altar of Trog.
  2706 | D:3      | Became a worshipper of Trog the Wrathful
  2706 | D:3      | Reached * piety under Trog
  2706 | D:3      | Reached ** piety under Trog
  2707 | D:3      | Fell from the grace of Trog
  2756 | D:4      | Upgraded the game from 0.31-a0-963-ga325b2283a to
                  | 0.31-a0-965-g8a8ce12e04
  2795 | D:4      | Killed by a fireball

Illustrated notes

Levels and vault maps discovered:
D:1:      dpeg_arrival_shelter, layout_loops_ring, serial_shops, shop
D:2:      layout_loops_ring, corexii_item_surrounded_by_moat,
          minmay_snake_closets
D:3:      layout_rooms, grunt_temple_overflow_open,
          mainiacjoe_overflow_boulevard, serial_shops, nicolae_shop_crystal,
          minmay_liquid_box
D:4:      layout_loops_corners, hangedman_ru_absence, temple_hall_moat,
          minmay_goblin_outpost, uniq_crazy_yiuf_cottage

Skill      XL: |  1  2  3  4 |
---------------+-------------+-----
Stealth        | 1 2 3 |  3.7
Fighting       | 3 |  3.5
Dodging        | 4 |  4.3
Unarmed Combat | 4 |  4.4

Action                     |  1- 3 |  4- 6 || total
---------------------------+-------+-------++-------
  Melee: Unarmed           |   131 |   104 ||   235
         Bite              |    17 |    12 ||    29
 Invoke: Renounce Religion |       |     1 ||     1
Ability: Bat Form          |     1 |       ||     1
         Exsanguinate      |     1 |       ||     1
    Use: Scroll            |       |     1 ||     1
   Stab: Sleeping          |     4 |     9 ||    13
         Distracted        |     1 |       ||     1
 Armour: Robe              |    25 |       ||    25
         Skin              |    13 |    24 ||    37
  Dodge: Dodged            |   101 |   107 ||   208

Table legend: (Time is in decaauts)
 A = Elapsed time spent in this place.
 B = Non-inter-level travel time spent in this place.
 C = Inter-level travel time spent in this place.
 D = Time resting spent in this place.
 E = Time spent auto-exploring this place.
 F = Levels seen in this place.
 G = Mean time per level.
                   A        B        C        D        E       F      G
               +--------+--------+--------+--------+--------+-----+--------+
         Total |   2294 |   2220 |     74 |    612 |   1111 |   4 |  573.5 |
       Dungeon |   2294 |   2220 |     74 |    612 |   1111 |   4 |  573.5 |
               +--------+--------+--------+--------+--------+-----+--------+

Top non-repeatable levels by time:
     D:2: 1165 daAuts
     D:1: 779 daAuts
     D:3: 285 daAuts
     D:4: 64 daAuts
